 Dungeon Crawl Stone Soup version 0.31-a0-198-g2ad674f65e (webtiles) character file.

Game seed: 14476181855642113518

210 qw the Skirmisher (level 5, -1/30 HPs)
             Began as a Deep Elf Hunter on June 25, 2023.
             Slain by Ijyb
             ... wielding a +3 spectral club
              (11 damage)
             ... on level 4 of the Dungeon.
             The game lasted 00:00:45 (2630 turns).

qw the Skirmisher (Deep Elf Hunter)                 Turns: 2630, Time: 00:00:46

Health: -1/30      AC:  6    Str:  8 (10) XL:     5   Next: 57%
Magic:  7/7        EV: 10    Int: 11 (14) God:
Gold:   139        SH:  0    Dex: 17 (18) Spells: 4/4 levels left

rFire   . . .        Y - +0 shortbow
rCold   . . .        (shield currently unavailable)
rNeg    . . .        d - +0 ring mail
rPois   +            (no helmet)
rElec   .            (no cloak)
rCorr   .            (no gloves)
SInv    .            f - +0 pair of boots
Will    .....        (no amulet)
Stlth   +            a - ring of poison resistance
HPRegen 0.25/turn    (no ring)
MPRegen 0.10/turn

%: no passive effects
@: no status effects
A: no striking features
a: no special abilities


You were on level 4 of the Dungeon.
You visited 1 branch of the dungeon, and saw 4 of its levels.

You collected 139 gold pieces.


   Skills:
 + Level 1.6 Fighting
 - Level 9.1 Ranged Weapons
 - Level 2.4 Dodging
 - Level 1.2 Stealth


You had 4 spell levels left.
You didn't know any spells.
Your spell library was empty.

Inventory:

Hand Weapons
 Y - a +0 shortbow (weapon)
Armour
 d - a +0 ring mail (worn)
 f - a +0 pair of boots (worn)
Jewellery
 a - a ring of poison resistance (left hand)
 i - a ring of fire
Scrolls
 g - a scroll of identify
 k - 3 scrolls of teleportation
Potions
 c - a potion of curing
 h - a potion of mutation

Dungeon Overview and Level Annotations

Branches:
Dungeon (4/15)
 Temple: D:4-7

Altars:

Annotations:
D:4 Ijyb, Robin


Message History

The arrow closely misses the hobgoblin.
An adder comes into view.
Robin roars a battlecry!
The goblins go into a battle-frenzy!
You shoot an arrow. The arrow barely misses the goblin.
You shoot an arrow. The arrow hits the goblin.
You kill the goblin!
You shoot an arrow. The arrow barely misses the hobgoblin.
The arrow closely misses Ijyb.
The arrow hits the adder but does no damage.
A hobgoblin comes into view.
The hobgoblin barely misses you.
You shoot an arrow. The arrow hits the hobgoblin!
You kill the hobgoblin!
A dart slug comes into view.
You shoot an arrow. The arrow hits the adder.
The adder is moderately wounded.
The adder bites you but does no damage. Robin throws the goblin at you!
A goblin comes into view. It is wielding a +0 club.
The adder barely misses you. Ijyb closely misses you.
You shoot an arrow. The arrow hits the adder.
The adder is heavily wounded.
The adder barely misses you. Ijyb hits you with a +3 spectral club!
You shoot an arrow. The arrow closely misses the adder.
The arrow hits Robin.
Robin is moderately wounded.
The adder barely misses you. The goblin barely misses you.
Ijyb closely misses you.
You shoot an arrow. The arrow misses the adder.
The arrow hits Robin but does no damage.
Robin is moderately wounded.
The adder bites you. The adder bites you but does no damage.
The goblin barely misses you. Ijyb hits you with a +3 spectral club!
You shoot an arrow. The arrow hits the adder.
The adder is heavily wounded.
The adder bites you but does no damage. Ijyb misses you.
The goblin hits you but does no damage.
You shoot an arrow. The arrow misses the adder.
The arrow hits Robin!
Robin is severely wounded.
The adder bites you. Ijyb hits you with a +3 spectral club!
You die...

...######.......#
####....##.#
#........... .)###
#...........
....)##...........
...)..............
...#.#............
# ##.g#######.#
...#.###@..# .#
.......gS#......
.......gg###....
........w# ...
.......... ..
........... .
##..........
#..........g
#..........gg


You could see Ijyb (strong), Robin, an adder, a dart slug, a hobgoblin (strong)
and a goblin (strong).

Vanquished Creatures
  A scorpion (D:4)
  An orc priest (D:3)
  A hound (D:3)
  Jessica (D:2)
  2 adders (D:3)
  A worm (D:2)
  6 orcs
  5 bats
  3 endoplasms
  A giant cockroach (D:4)
  7 goblins
  3 hobgoblins
  2 jackals (D:3)
  A quokka (D:1)
  5 ball pythons
  2 frilled lizards
  A kobold (D:1)
  2 rats
45 creatures vanquished.

Notes
Turn   | Place    | Note
-------+----------+-------------------------------------------
     0 | D:1      | qw the Deep Elf Hunter began the quest for the Orb.
     0 | D:1      | Reached XP level 1. HP: 12/12 MP: 3/3
     0 | D:1      | 0 ||| qw: Version: 0.3-a-22-g0ed2b0b
     0 | D:1      | 0 ||| qw: Game counter: 5406
     0 | D:1      | 0 ||| qw: Melee chars always use a shield: true
     0 | D:1      | 0 ||| qw: God list: Okawaru
     0 | D:1      | 0 ||| qw: Allow faded altars: false
     0 | D:1      | 0 ||| qw: Do Orc after clearing Dungeon:15 true
     0 | D:1      | 0 ||| qw: Do second Lair branch before Depths: true
     0 | D:1      | 0 ||| qw: Lair rune preference: random
     0 | D:1      | 0 ||| qw: Goals: Normal
     0 | D:1      | 0 ||| PLANNING D:1-11
   705 | D:1      | 705 ||| UPGRADING to +0 ring mail.
   715 | D:1      | 715 ||| DROPPING +0 leather armour.
   716 | D:1      | 716 ||| READING scroll labelled SIESUVOD LANO.
   717 | D:1      | 717 ||| READING 3 scrolls labelled HUODEOJAUV.
   718 | D:1      | 718 ||| READING scroll labelled ZIRENN DOMONA.
   719 | D:1      | 719 ||| READING scroll labelled GESKOO MIWOF.
   720 | D:1      | 720 ||| READING 2 scrolls of identify.
   720 | D:1      | 720 ||| IDENTIFYING dark potion
   721 | D:1      | 721 ||| DROPPING scroll of butterflies.
   722 | D:1      | 722 ||| DROPPING potion of ambrosia.
   749 | D:2      | Reached XP level 2. HP: 16/16 MP: 4/4
   753 | D:2      | Identified the +6 whip "Siurghatt" {heavy, rElec rF++ MP+9
                  | Int-2}
   836 | D:2      | Reached skill level 6 in Ranged Weapons
  1322 | D:2      | Noticed Jessica
  1324 | D:2      | Killed Jessica
  1325 | D:2      | Reached XP level 3. HP: 20/20 MP: 5/5
  1434 | D:2      | Reached skill level 7 in Ranged Weapons
  1516 | D:2      | 1516 ||| READING scroll labelled FERHEO CANIESKERPH.
  1519 | D:2      | 1519 ||| DRINKING 2 emerald potions.
  1716 | D:3      | Reached XP level 4. HP: 24/25 MP: 6/6
  1858 | D:3      | Reached skill level 8 in Ranged Weapons
  2167 | D:3      | Reached XP level 5. HP: 29/29 MP: 7/7
  2441 | D:3      | 2441 ||| UPGRADING to +0 pair of boots.
  2446 | D:3      | 2446 ||| UPGRADING to ring of poison resistance.
  2447 | D:3      | 2447 ||| READING scroll labelled UNOEVVA VUAL.
  2448 | D:3      | 2448 ||| DRINKING 2 black potions.
  2449 | D:3      | 2449 ||| READING 3 scrolls of identify.
  2449 | D:3      | 2449 ||| IDENTIFYING fizzy ruby potion
  2450 | D:3      | 2450 ||| READING 2 scrolls of identify.
  2450 | D:3      | 2450 ||| IDENTIFYING fuming brown potion
  2451 | D:3      | 2451 ||| DROPPING potion of attraction.
  2452 | D:3      | 2452 ||| DROPPING potion of degeneration.
  2526 | D:4      | Reached skill level 9 in Ranged Weapons
  2612 | D:4      | Noticed Ijyb
  2613 | D:4      | Noticed Robin
  2614 | D:4      | 2614 ||| Stepping ~*~*~tactically~*~*~ (outnumbered).
  2630 | D:4      | Slain by Ijyb

Levels and vault maps discovered:
D:1:      dpeg_arrival_circle_labyrinth_a, layout_basic
D:2:      layout_loops_corners, uniq_jessica
D:3:      layout_loops_corners, minmay_curled_crystal, grunt_ministairs_14
D:4:      layout_basic, nicolae_goblin_pals

Skill      XL: |  1  2  3  4  5 |
---------------+----------------+-----
Ranged Weapons | 6 7 8 9 |  9.1
Fighting       | |  1.6
Dodging        | |  2.4
Stealth        | |  1.2

Action                     |  1- 3 |  4- 6 || total
---------------------------+-------+-------++-------
   Fire: Shortbow          |    73 |    74 ||   147
    Use: Scroll            |     6 |     3 ||     9
         Potion            |     1 |     1 ||     2
 Armour: Leather armour    |     2 |       ||     2
         Ring mail         |     4 |    14 ||    18
  Dodge: Dodged            |    18 |    20 ||    38

Table legend:
 A = Non-vault XP
 B = Vault XP
 C = Vault XP percentage of total XP
 D = Non-vault monster count
 E = Vault monster count
 F = Vault count percentage of total count
                 A         B        C        D         E       F
            +---------+---------+-------+---------+---------+-------
      Total |     254 |      47 |  15.6 |      38 |       7 |  15.6
            +---------+---------+-------+---------+---------+-------
        D:1 |      11 |       0 |   0.0 |       8 |       0 |   0.0
        D:2 |      16 |      37 |  69.8 |       8 |       1 |  11.1
        D:3 |     131 |       3 |   2.2 |      16 |       2 |  11.1
        D:4 |      96 |       7 |   6.8 |       6 |       4 |  40.0
            +---------+---------+-------+---------+---------+-------
